 Dungeon Crawl Stone Soup version 0.25-a0-566-g062765be81 (webtiles) character file.

Game seed: 13214780652839492506, levelgen mode: deterministic

21 MisterFreud the Ducker (level 2, -7/15 HPs)
             Began as a Felid Berserker on Feb 27, 2020.
             Was a Follower of Trog.
             Killed from afar by Sigmund (8 damage)
             ... with a magic dart
             ... on level 2 of the Dungeon.
             The game lasted 00:00:59 (844 turns).

MisterFreud the Ducker (Felid Berserker)             Turns: 844, Time: 00:01:00

Health: -7/15      AC:  1    Str: 15    XL:     2   Next: 62%
Magic:  3/3        EV: 19    Int:  8    God:    Trog [*.....]
Gold:   118        SH:  0    Dex: 15    Spells: 1/1 levels left
                                        Lives:  0   Deaths: 0

rFire    . . .     SeeInvis +     - Unarmed
rCold    . . .     Gourm    .   (shield unavailable)
rNeg     . . .     Faith    .   (armour unavailable)
rPois    .         Spirit   .   (helmet unavailable)
rElec    .         Reflect  .   (cloak unavailable)
rCorr    .         Harm     .   (gloves unavailable)
MR       .....                  (boots unavailable)
Stlth    ++........             (no amulet)
HPRegen  0.05/turn              b - +2 ring of strength
MPRegen  0.08/turn              (no ring)

@: quick
A: very small, no armour, no weapons or thrown items, stealth, claws 1, fangs 3,
see invisible, carnivore, speed 1, shaggy fur 1, slow metabolism 1, sharp paws
a: Berserk, Renounce Religion


You were on level 2 of the Dungeon.
You worshipped Trog.
Trog was aware of your devotion.
You were very full.

You visited 1 branch of the dungeon, and saw 2 of its levels.

You collected 118 gold pieces.

Inventory:

Jewellery
 b - a +2 ring of strength (left paw)
Scrolls
 c - a scroll of amnesia {unknown}
 e - a scroll of noise {unknown}
 g - a scroll of identify {unknown}
Potions
 d - a potion of degeneration {unknown}
 f - a potion of heal wounds {unknown}
 h - a potion of flight {unknown}
Comestibles
 a - 5 rations


   Skills:
 * Level 4.0 Fighting
 - Level 4.0 Dodging
 - Level 3.0 Unarmed Combat


You had one spell level left.
You didn't know any spells.
Your spell library was empty.

Dungeon Overview and Level Annotations

Branches:
Dungeon (2/15)

Altars:
Ru

Annotations:
D:2 Sigmund


Innate Abilities, Weirdness & Mutations

You cannot wear armour.
You are incapable of wielding weapons or throwing items.
Your paws allow you to move quietly. (Stealth)
You have sharp claws.
You have razor-sharp teeth.
You have supernaturally acute eyesight. (SInv)
You are carnivorous and can eat meat at any time.
You cover ground quickly.
You are covered in fur. (AC +1)
You have a slow metabolism.
Your sharp claws are effective at attacking unaware monsters.


Message History

You pounce on the unaware helpless kobold!
You claw the kobold!
You kill the kobold!
Trog accepts your kill.
Your Fighting skill increases to level 4!
No target in view!
No target in view!
Found a flail.
You now have 118 gold pieces (gained 14).
Sigmund the Dreaded comes into view.
He is wielding a +0 scythe.
Sigmund is nearby!
Sigmund is nearby!
Sigmund casts a spell at you. The puff of flame hits you!
Ouch! That really hurt!
* * * LOW HITPOINT WARNING * * *
Sigmund gestures at you while chanting. The magic dart hits you!
Ouch! That really hurt!
You die...

.########.##.....#
....## #.##.###.###
####†## #.##.# #...#
≈≈..#.###.##.###.#.#
..≈..#....##.....#.####
_.≈...#......#).......#
..≈..#†.########...##.#
≈≈..#.#.# #.###
####.##.# #@# ....# #.#
#.# ..### #.# #$# ###
#.# #.# # #.# #.# # #@#
... #.# ###


You could see Sigmund.

Vanquished Creatures
  A leopard gecko (D:2)
  A ball python (D:1)
  2 giant cockroaches
  4 goblins
  A hobgoblin (D:1)
  A jackal (D:1)
  2 bats (D:1)
  2 frilled lizards (D:1)
  2 kobolds
  3 rats
19 creatures vanquished.

Notes
Turn   | Place    | Note
-------+----------+-------------------------------------------
     0 | D:1      | MisterFreud the Felid Berserker began the quest for the
                  | Orb.
     0 | D:1      | Reached XP level 1. HP: 10/10 MP: 2/2
   264 | D:1      | Reached XP level 2. HP: 14/14 MP: 3/3
   795 | D:2      | Found a sacrificial altar of Ru.
   841 | D:2      | Noticed Sigmund
   844 | D:2      | Killed from afar by Sigmund

Levels and vault maps discovered:
D:1:      dpeg_arrival_signposts, layout_basic, minivault_26, minivault_24,
          minmay_pentomino_u2
D:2:      layout_loops_ring, grunt_temple_overflow_growth_and_decay,
          vehumet_crystals, nicolae_ru_awakened_eye, old_standard_altar,
          minitemple, first_ration, uniq_sigmund, uniq_crazy_yiuf_cottage

Skill      XL: |  1  2 |
---------------+-------+-----
Fighting       | 4 |  4.0
Dodging        | |  4.0
Unarmed Combat | |  3.0

Action                   || total
-------------------------++-------
Melee: Unarmed           ||    39
       Bite              ||     3
 Stab: Sleeping          ||     2
  Eat: Chunk             ||     6
Armor: Skin              ||     1
Dodge: Dodged            ||    34

Table legend:
 A = Non-vault XP
 B = Vault XP
 C = Vault XP percentage of total XP
 D = Non-vault monster count
 E = Vault monster count
 F = Vault count percentage of total count
                 A         B        C        D         E       F
            +---------+---------+-------+---------+---------+-------
      Total |      26 |       4 |  13.3 |      17 |       2 |  10.5
            +---------+---------+-------+---------+---------+-------
        D:1 |      16 |       4 |  20.0 |      11 |       2 |  15.4
        D:2 |      10 |       0 |   0.0 |       6 |       0 |   0.0
            +---------+---------+-------+---------+---------+-------
